 Dungeon Crawl Stone Soup version 0.25-a0-731-g0472a16d6a (webtiles) character file.

Game seed: 14975445405095993782, levelgen mode: deterministic

51 Anathary the Skirmisher (level 4, -8/37 HPs)
             Began as a Formicid Fighter on Apr 9, 2020.
             Mangled by Sigmund
             ... wielding a +0 scythe
              (11 damage)
             ... on level 2 of the Dungeon.
             The game lasted 00:03:18 (961 turns).

Anathary the Skirmisher (Formicid Fighter)           Turns: 961, Time: 00:03:18

Health: -8/37      AC:  6    Str: 22    XL:     4   Next: 5%
Magic:  4/4        EV:  8    Int:  7    God:
Gold:   50         SH:  0    Dex: 10    Spells: 3/3 levels left

rFire    . . .     SeeInvis +   a - +0 long sword
rCold    . . .     Gourm    .   c - +0 kite shield
rNeg     . . .     Faith    .   b - +0 scale mail
rPois    .         Spirit   .   (helmet unavailable)
rElec    .         Reflect  .   (no cloak)
rCorr    .         Harm     .   (no gloves)
MR       .....                  (no boots)
Stlth    ..........             (no amulet)
HPRegen  0.12/turn              (no ring)
MPRegen  0.09/turn              (no ring)

@: confused
A: permanent stasis, dig shafts and tunnels, four strong arms, antennae 3
a: Dig, Shaft Self


You were on level 2 of the Dungeon.
You were not hungry.

You visited 1 branch of the dungeon, and saw 2 of its levels.

You collected 50 gold pieces.

Inventory:

Hand Weapons
 a - a +0 long sword (weapon)
Armour
 b - a +0 scale mail (worn)
 c - a +0 kite shield (worn)
Scrolls
 h - a scroll of amnesia {unknown}
 j - a scroll of remove curse {unknown}
 k - a scroll of enchant weapon {unknown}
Potions
 d - a potion of might
 e - a potion of curing {unknown}
 g - a potion of heal wounds {unknown}
 i - a potion of haste {unknown}
Comestibles
 f - 3 rations


   Skills:
 + Level 4.3 Fighting
 + Level 2.8 Long Blades
 - Level 3.2 Armour
 + Level 0.6 Dodging
 + Level 0.2 Stealth
 - Level 3.6 Shields


You had 3 spell levels left.
You didn't know any spells.
Your spell library was empty.

Dungeon Overview and Level Annotations

Branches:
Dungeon (2/15)

Altars:

Annotations:
D:2 Sigmund


Innate Abilities, Weirdness & Mutations

You cannot be hasted, slowed, berserked, paralysed or teleported.
You can dig through walls and to a lower floor.
Your four strong arms can wield two-handed weapons with a shield.
You have a pair of large antennae on your head. (SInv)


Message History

Sigmund gestures at you while chanting. You resist with some effort.
You barely miss Sigmund.
Sigmund is almost dead.
Sigmund looks at you with fury.
Sigmund casts a spell.
Sigmund flickers and vanishes for a moment.
You closely miss Sigmund.
Sigmund is almost dead.
You block Sigmund's attack.
You barely miss Sigmund.
Sigmund is almost dead.
Sigmund points at you and mumbles some strange words.
You are confused.
You miss Sigmund.
Sigmund is almost dead.
Sigmund hits you with a +0 scythe.
* * * LOW HITPOINT WARNING * * *
You bump into the rock wall.
Sigmund hits you with a +0 scythe!
You die...

#.... #.. .... ####.#
### .[. ....# # ....#.#
#..# .# #
....#.#####..######.#.##
#.....................
###.###.#.####........
#.# #.#.# #.###.... #.#
#.#.# #@# ## #{# ....#
#@# #.##.#..## #r#
#....#...# .h(
#{.###...##.#.#
#........##. .# {
#.##..>.###. .#
#.##...## #. .# #.##.###
.. ..


You could see Sigmund (invisible), a quokka and a jackal.

Vanquished Creatures
  Jessica (D:2)
  A dart slug (D:2)
  2 giant cockroaches (D:2)
  5 goblins
  4 hobgoblins
  2 jackals (D:2)
  2 kobolds (D:1)
  A bat (D:1)
  2 rats
20 creatures vanquished.

Notes
Turn   | Place    | Note
-------+----------+-------------------------------------------
     0 | D:1      | Anathary the Formicid Fighter began the quest for the Orb.
     0 | D:1      | Reached XP level 1. HP: 18/18 MP: 1/1
   352 | D:1      | Reached XP level 2. HP: 20/25 MP: 2/2
   773 | D:2      | Noticed Jessica
   777 | D:2      | Killed Jessica
   777 | D:2      | Reached skill level 4 in Fighting
   777 | D:2      | Reached XP level 3. HP: 30/30 MP: 3/3
   922 | D:2      | Noticed Sigmund
   925 | D:2      | Reached XP level 4. HP: 37/37 MP: 4/4
   961 | D:2      | Mangled by Sigmund

Levels and vault maps discovered:
D:1:      dpeg_arrival_arbitrary_b, layout_basic
D:2:      layout_loops_ring, nicolae_tso_swordbearing_angel, uniq_natasha,
          uniq_jessica, uniq_robin, uniq_sigmund

Skill      XL: |  1  2 |
---------------+-------+-----
Fighting       | 4 |  4.3
Long Blades    | |  2.8
Armour         | |  3.2
Dodging        | |  0.6
Stealth        | |  0.2
Shields        | |  3.6

Action                   |  1- 3 |  4- 6 || total
-------------------------+-------+-------++-------
Melee: Long sword        |    59 |    34 ||    93
Armor: Scale mail        |    23 |     7 ||    30
Dodge: Dodged            |    21 |     9 ||    30
Block: Kite shield       |    37 |    15 ||    52
       Rpst.: Long sword |     4 |     2 ||     6

Table legend:
 A = Non-vault XP
 B = Vault XP
 C = Vault XP percentage of total XP
 D = Non-vault monster count
 E = Vault monster count
 F = Vault count percentage of total count
                 A         B        C        D         E       F
            +---------+---------+-------+---------+---------+-------
      Total |      36 |      37 |  50.7 |      19 |       1 |   5.0
            +---------+---------+-------+---------+---------+-------
        D:1 |      11 |       0 |   0.0 |       7 |       0 |   0.0
        D:2 |      25 |      37 |  59.7 |      12 |       1 |   7.7
            +---------+---------+-------+---------+---------+-------
